 Dungeon Crawl Stone Soup version 0.29.1-12-g30fa7ad0bf (webtiles) character file.

Game seed: 6095922103125289433

65800 wormed the Thaumaturge (level 15, -14/115 HPs)
             Began as a Gnoll Earth Elementalist on Dec 25, 2022.
             Was a High Priest of Vehumet.
             Demolished by a skeletal warrior
             ... wielding a +2 dire flail of venom
              (20 damage)
             ... on level 13 of the Dungeon.
             The game lasted 01:30:07 (29965 turns).

wormed the Thaumaturge (Gnoll Earth Elementalist)  Turns: 29965, Time: 01:30:08

Health: -14/115    AC: 14    Str:  7    XL:     15   Next: 17%
Magic:  1/30       EV: 17    Int: 24    God:    Vehumet [*****.]
Gold:   968        SH:  0    Dex: 17    Spells: 4/36 levels left

rFire   + . .      SeeInvis .   f - +6 quick blade of Vuorchu {distort, rElec rF+ Dex+2}
rCold   . . .      Faith    .   (no shield)
rNeg    . . .      Spirit   .   I - +0 troll leather armour
rPois   .          Reflect  .   v - +0 helmet
rElec   +          Harm     .   X - +0 cloak "Suaz" {+Blink Fly Stlth+}
rCorr   .          Rampage  .   (no gloves)
Will    ++...                   p - +0 pair of boots
Stlth   +++++++...              E - amulet of regeneration
HPRegen 1.89/turn               G - +4 ring of protection
MPRegen 0.22/turn               T - ring "Anuomott" {Will+ Int+4 Stlth+}

@: lethally poisoned (-14 -> -40), flying, very slightly contaminated
A: fangs 1, strong nose, distributed training
a: Renounce Religion, Evoke Blink


You were on level 13 of the Dungeon.
You worshipped Vehumet.
Vehumet was extremely pleased with you.
You visited 2 branches of the dungeon, and saw 18 of its levels.
You also visited: Sewer and Gauntlet.

You collected 968 gold pieces.

Inventory:

Hand Weapons
 f - the +6 quick blade of Vuorchu (weapon) {distort, rElec rF+ Dex+2}
   (You acquired it in a Gauntlet)

   It warps and distorts space around it, and may blink, banish, or inflict
   extra damage upon those it strikes.
   Unwielding it can cause banishment or high damage.
   Dex:       It affects your dexterity (+2).
   rF:        It protects you from fire.
   rElec:     It insulates you from electricity.
Missiles
 K - 6 throwing nets
Armour
 p - a +0 pair of boots (worn)
 v - a +0 helmet (worn)
 I - a +0 troll leather armour (worn)
 X - the +0 cloak "Suaz" (worn) {+Blink Fly Stlth+}
   (You found it in a Gauntlet)

   Fly:       It grants you flight.
   +Blink:    It lets you blink.
   Stlth:     It makes you more stealthy.
Magical Staves
 j - a staff of conjuration
Jewellery
 i - a +4 ring of protection
 t - the amulet of Peonuohi {RegenMP Int+6}
   (You found it on level 13 of the Dungeon)

   [amulet of magic regeneration]

   It increases your rate of magic regeneration.
   Int:       It affects your intelligence (+6).
 y - a ring of fire
 A - a ring of poison resistance
 E - an amulet of regeneration (around neck)
 G - a +4 ring of protection (left hand)
 N - a ring of willpower
 T - the ring "Anuomott" (right hand) {Will+ Int+4 Stlth+}
   (You found it in a Gauntlet)

   [ring of willpower]

   Int:       It affects your intelligence (+4).
   Will:      It increases your willpower.
   Stlth:     It makes you more stealthy.
Wands
 a - a wand of iceblast (37)
 w - a wand of paralysis (9)
 D - a wand of polymorph (23)
 F - a wand of acid (22)
 Y - a wand of mindburst (10)
Scrolls
 d - a scroll of identify
 e - a scroll of magic mapping
 h - 2 scrolls of vulnerability
 l - 7 scrolls of teleportation
 m - 2 scrolls of fog
 o - a scroll of summoning
 q - 3 scrolls of enchant weapon
 x - a scroll of torment
 B - 2 scrolls of brand weapon
 H - 4 scrolls of immolation
 L - 2 scrolls of silence
 M - a scroll of poison
 Q - 2 scrolls of enchant armour
 V - 3 scrolls of blinking
 W - 2 scrolls of fear
Potions
 b - 4 potions of magic
 c - 5 potions of lignification
 g - 5 potions of curing
 k - 3 potions of resistance
 n - 3 potions of attraction
 r - 7 potions of mutation
 u - 3 potions of brilliance
 J - 2 potions of berserk rage
 P - a potion of ambrosia
 S - 4 potions of haste
 U - a potion of might
 Z - a potion of invisibility
Miscellaneous
 O - a lightning rod (4/4)
 R - a condenser vane


   Skills:
 + Level 10.2 Fighting
 + Level 10.2 Short Blades
 + Level 10.2 Long Blades
 + Level 10.2 Axes
 + Level 10.2 Maces & Flails
 + Level 10.2 Polearms
 + Level 10.2 Staves
 + Level 10.2 Ranged Weapons
 + Level 10.2 Throwing
 + Level 10.2 Armour
 + Level 11.2 Dodging
 + Level 11.1 Stealth
 + Level 10.2 Shields
 + Level 10.2 Unarmed Combat
 + Level 11.4 Spellcasting
 + Level 8.6 Conjurations
 + Level 8.6 Hexes
 + Level 8.6 Summonings
 + Level 8.6 Necromancy
 + Level 8.6 Translocations
 + Level 8.9 Transmutations
 + Level 8.6 Fire Magic
 + Level 8.6 Ice Magic
 + Level 8.6 Air Magic
 + Level 10.2 Earth Magic
 + Level 8.6 Poison Magic
 + Level 11.1 Invocations
 + Level 10.2 Evocations


You had 4 spell levels left.
You knew the following spells:

 Your Spells              Type           Power      Damage    Failure   Level
a - Starburst             Conj/Fire      26%        6d8       8%          6
b - Stone Arrow           Conj/Erth      100%       3d13      1%          3
c - Olgreb's Toxic Radia  Pois           53%        N/A       1%          4
d - Ignite Poison         Fire/Tmut/Pois 53%        N/A       1%          3
e - Confusing Touch       Hex            53%        N/A       1%          3
f - Passwall              Tmut/Erth      46%        N/A       1%          2
g - Slow                  Hex            100%       N/A       1%          1
h - Petrify               Tmut/Erth      56%        N/A       1%          4
i - Yara's Violent Unrav  Hex/Tmut       27%        3d12      1%          5
j - Sandblast             Erth           100%       2d20      1%          1

Your spell library contained the following spells:

 Spells                   Type           Power      Damage    Failure   Level
 Lightning Bolt           Conj/Air       26%        1d42      1%          5
 Apportation              Tloc           100%       N/A       1%          1
 Foxfire                  Conj/Fire      100%       2x1d9     1%          1
 Freeze                   Ice            100%       1d11      1%          1
 Sting                    Tmut/Pois      100%       1d8       1%          1
 Poisonous Vapours        Pois/Air       100%       N/A       1%          2
 Conjure Flame            Conj/Fire      53%        6-21      1%          3
 Frozen Ramparts          Ice            100%       1d16      1%          3
 Inner Flame              Hex/Fire       53%        N/A       1%          3
 Vampiric Draining        Necr           53%        2d9       1%          3
 Anguish                  Hex/Necr       26%        N/A       1%          4
 Flame Wave               Conj/Fire      53%        2d13      1%          4
 Hailstorm                Conj/Ice       53%        3d12      1%          4
 Sticky Flame             Conj/Fire      53%        2d7       1%          4
 Freezing Cloud           Conj/Ice/Air   26%        6-21      1%          5
 Iskenderun's Battlesphe  Conj           53%        2d10      1%          5
 Alistair's Intoxication  Tmut/Pois      36%        N/A       4%          5
 Iron Shot                Conj/Erth      28%        9d6       5%          6
 Simulacrum               Ice/Necr       26%        N/A       28%         6
 Spellforged Servitor     Conj/Summ      26%        N/A       36%         7
 Enfeeble                 Hex            26%        N/A       83%         7
 Polar Vortex             Ice            26%        N/A       100%        9


Dungeon Overview and Level Annotations

Branches:
Dungeon (13/15)            Temple (0/1) D:7            Lair (5/5) D:8
  Swamp (0/4) Lair:2        Snake (0/4) Lair:2        Slime (0/5) Lair:5
    Orc (0/2) D:9           Sewer (visited)         Gauntlet (visited)
 Vaults: D:13-14

Altars:
Ashenzari
Cheibriados
Dithmenos
Fedhas
Gozag
Makhleb
Ru
Sif Muna
Uskayaw
Vehumet
Xom
Yredelemnul
Zin
Jiyva

Shops:
D:10 *


Innate Abilities, Weirdness & Mutations

You have very sharp teeth.
Your uncanny sense of smell can sniff out nearby items.
Your experience applies equally to all skills.


Message History

The skeletal warrior hits you with a +2 dire flail of venom!
You are more poisoned.
Casting: Starburst (dangerous; 8% risk of failure)
Confirm with . or Enter, or press ? or * to list all spells.
Casting: Starburst (dangerous; 8% risk of failure)
Press: ? - help, Dir - look around, f - activate The bolt of fire hits the skeletal warrior!
The skeletal warrior is heavily damaged.
The bolt of fire hits the skeletal warrior!!!
You destroy the skeletal warrior!
Vehumet accepts your kill.
You feel very sick.
The skeletal warrior hits you with a +2 dire flail of venom!!
You are more poisoned.
Casting: Starburst (dangerous; 8% risk of failure)
Confirm with . or Enter, or press ? or * to list all spells.
Casting: Starburst (dangerous; 8% risk of failure)
Press: ? - help, Dir - look around, f - activate You miscast Starburst.
You are very lightly contaminated with residual magic.
Nothing appears to happen.
You feel extremely sick.
The skeletal warrior hits you with a +2 dire flail of venom.
You are more poisoned.
The skeletal warrior hits you with a +4 battleaxe of flaming!!
* * * LOW HITPOINT WARNING * * *
The skeletal warrior burns you.
* * * LOW HITPOINT WARNING * * *
Casting: Starburst (dangerous; 8% risk of failure)
Confirm with . or Enter, or press ? or * to list all spells.
Casting: Starburst (dangerous; 8% risk of failure)
Press: ? - help, Dir - look around, f - activate The bolt of fire hits the skeletal warrior!
The skeletal warrior is severely damaged.
The bolt of fire hits the skeletal warrior!!
The skeletal warrior is almost destroyed.
* * * LOW HITPOINT WARNING * * *
You feel extremely sick.
The skeletal warrior hits you with a +2 dire flail of venom!!
You die...

<....###..........#
.........###......#
.....##### #......#
.....# #......#
#.#### #......# #.
##.##### #. #..# #.
##.### #.z@# ###z#
#......)...#
........z..#
#..........#
#..........#
#........[.#
#..........#
############


You could see 3 skeletal warriors.

Vanquished Creatures
  A minotaur (Gauntlet)
  Erolcha (D:10)
  Harold (D:9)
  8 hydras
  A two-headed ogre (D:10)
  A merfolk avatar (Lair:5)
  A tengu warrior (D:9)
  A death yak (Lair:4)
  Sonja (D:10)
  Nergalle (D:10)
  A skeletal warrior (D:13)
  Amaemon (Lair:1)
  2 sea snakes (Lair:5)
  2 bog bodies (Lair:2)
  An orc knight (D:12)
  A deep elf pyromancer (D:9)
  2 harpies (Lair:5)
  An oklob plant (Lair:4)
  3 manticores
  17 elephants
  A cyclops (D:12)
  4 ugly things
  An apocalypse crab (Gauntlet)
  A smoke demon (Gauntlet)
  3 black mambas
  An orange demon (Lair:1)
  2 unseen horrors
  23 cane toads
  2 kobold demonologists (D:12)
  9 komodo dragons
  5 rime drakes
  5 trolls
  A meliai (D:9)
  A wind drake (Lair:5)
  4 polar bears
  23 blink frogs
  4 dream sheep (Lair:5)
  4 slime creatures
  2 shadows
  Sigmund (D:4)
  Eustachio (D:4)
  5 wraiths
  2 wyverns
  49 yaks
  A basilisk (Lair:2)
  2 vampires
  5 steam dragons
  Grum (D:10)
  2 swamp worms (Lair:2)
  3 nagas (Lair:2)
  2 acid dragons
  16 water moccasins
  2 orc warriors
  3 black bears
  3 ice beasts
  10 centaurs
  5 ogres
  18 wolves
  2 phantoms
  5 kobold brigands
  11 bullfrogs
  2 necrophages
  A gnoll sergeant (D:9)
  4 scorpions
  9 wights (D:8)
  13 killer bees
  7 electric eels
  2 vampire bats (Lair:5)
  5 howler monkeys
  3 crimson imps (Gauntlet)
  2 gnoll boudas (D:7)
  9 hounds
  6 jellies
  3 orc priests
  2 iguanas
  11 orc wizards
  5 hell rats (Lair:4)
  9 adders
  6 gnolls
  9 river rats (Lair:4)
  A white imp (D:7)
  2 ufetubi
  3 dart slugs
  32 orcs
  9 bats
  35 endoplasms
  12 giant cockroaches
  15 hobgoblins
  13 quokkas
  9 ball pythons
  20 frilled lizards
  3 goblins
  12 kobolds
  14 rats
581 creatures vanquished.

Vanquished Creatures (others)
  A demonic plant (Gauntlet)
  32 fungi
  69 plants
102 creatures vanquished.

Grand Total: 683 creatures vanquished

Notes
Turn   | Place    | Note
-------+----------+-------------------------------------------
     0 | D:1      | wormed the Gnoll Earth Elementalist began the quest for the
                  | Orb.
     0 | D:1      | Reached XP level 1. HP: 13/13 MP: 6/6
    76 | D:1      | Reached XP level 2. HP: 19/19 MP: 4/7
   382 | D:1      | Reached skill level 5 in Spellcasting
   382 | D:1      | Reached XP level 3. HP: 25/25 MP: 6/9
  1025 | D:2      | Reached skill level 1 in Invocations
  1043 | D:2      | Found a radiant altar of Vehumet.
  1071 | D:2      | Became a worshipper of Vehumet
  1428 | D:2      | Reached skill level 1 in Fighting
  1428 | D:2      | Reached skill level 1 in Short Blades
  1428 | D:2      | Reached skill level 1 in Long Blades
  1428 | D:2      | Reached skill level 1 in Axes
  1428 | D:2      | Reached skill level 1 in Maces & Flails
  1428 | D:2      | Reached skill level 1 in Polearms
  1428 | D:2      | Reached skill level 1 in Staves
  1428 | D:2      | Reached skill level 1 in Ranged Weapons
  1428 | D:2      | Reached skill level 1 in Throwing
  1428 | D:2      | Reached skill level 1 in Armour
  1428 | D:2      | Reached skill level 1 in Shields
  1428 | D:2      | Reached skill level 1 in Unarmed Combat
  1428 | D:2      | Reached skill level 1 in Evocations
  1534 | D:2      | Found a faded altar of an unknown god.
  1563 | D:2      | Reached XP level 4. HP: 32/32 MP: 7/11
  1926 | D:2      | Learned a level 3 spell: Stone Arrow
  1928 | D:2      | Learned a level 1 spell: Slow
  1933 | D:2      | Learned a level 4 spell: Petrify
  1937 | D:2      | Learned a level 3 spell: Confusing Touch
  2142 | D:3      | Found a glowing drain.
  2153 | Sewer    | Entered a sewer
  2206 | Sewer    | Reached skill level 1 in Conjurations
  2206 | Sewer    | Reached skill level 1 in Hexes
  2206 | Sewer    | Reached skill level 1 in Summonings
  2206 | Sewer    | Reached skill level 1 in Necromancy
  2206 | Sewer    | Reached skill level 1 in Translocations
  2206 | Sewer    | Reached skill level 1 in Fire Magic
  2206 | Sewer    | Reached skill level 1 in Ice Magic
  2206 | Sewer    | Reached skill level 1 in Air Magic
  2206 | Sewer    | Reached skill level 1 in Poison Magic
  2334 | Sewer    | Reached * piety under Vehumet
  2334 | Sewer    | Offered knowledge of Magic Dart by Vehumet.
  2610 | Sewer    | Noticed a bullfrog
  2613 | Sewer    | Noticed a bullfrog
  2615 | Sewer    | Killed a bullfrog
  2616 | Sewer    | Reached XP level 5. HP: 37/37 MP: 5/12
  2619 | Sewer    | Reached XP level 6. HP: 41/44 MP: 3/14
  2721 | D:3      | Learned a level 2 spell: Passwall
  3055 | D:3      | Reached skill level 5 in Dodging
  3454 | D:3      | Offered knowledge of Foxfire by Vehumet.
  3543 | D:4      | Reached ** piety under Vehumet
  3556 | D:4      | Found a shimmering blue altar of Sif Muna.
  4026 | D:4      | Found a broken altar of Ashenzari.
  4408 | D:4      | Reached XP level 7. HP: 50/50 MP: 10/15
  4525 | D:4      | Noticed Eustachio
  4644 | D:4      | Killed Eustachio
  4645 | D:4      | Reached skill level 5 in Stealth
  5060 | D:4      | Found an opulent altar of Gozag.
  5134 | D:4      | Noticed Sigmund
  5147 | D:4      | Killed Sigmund
  5340 | D:5      | Entered Level 5 of the Dungeon
  5376 | D:5      | Reached XP level 8. HP: 58/58 MP: 4/16
  5462 | D:5      | Found a basalt altar of Yredelemnul.
  5784 | D:5      | Found a hide-covered altar of Uskayaw.
  6097 | D:6      | Found a burning altar of Makhleb.
  6537 | D:5      | Offered knowledge of Inner Flame by Vehumet.
  6977 | D:6      | Found a snail-covered altar of Cheibriados.
  6996 | D:6      | Reached XP level 9. HP: 57/65 MP: 7/18
  7307 | D:6      | Reached *** piety under Vehumet
  7354 | D:6      | Learned a level 4 spell: Olgreb's Toxic Radiance
  7368 | D:6      | Learned a level 3 spell: Ignite Poison
  8128 | D:7      | Reached skill level 5 in Invocations
  8165 | D:7      | Offered knowledge of Airstrike by Vehumet.
  8365 | D:7      | Found a sacrificial altar of Ru.
  8578 | D:7      | Found a shimmering altar of Xom.
  8762 | D:7      | Found a staircase to the Ecumenical Temple.
  9024 | D:7      | Reached skill level 5 in Fighting
  9024 | D:7      | Reached skill level 5 in Short Blades
  9024 | D:7      | Reached skill level 5 in Long Blades
  9024 | D:7      | Reached skill level 5 in Axes
  9024 | D:7      | Reached skill level 5 in Maces & Flails
  9024 | D:7      | Reached skill level 5 in Polearms
  9024 | D:7      | Reached skill level 5 in Staves
  9024 | D:7      | Reached skill level 5 in Ranged Weapons
  9024 | D:7      | Reached skill level 5 in Throwing
  9024 | D:7      | Reached skill level 5 in Armour
  9024 | D:7      | Reached skill level 5 in Shields
  9024 | D:7      | Reached skill level 5 in Unarmed Combat
  9024 | D:7      | Reached skill level 5 in Evocations
  9024 | D:7      | Reached XP level 10. HP: 45/74 MP: 4/20
  9401 | D:8      | Found a staircase to the Lair.
  9404 | D:8      | Reached **** piety under Vehumet
  9654 | D:8      | Found a shadowy altar of Dithmenos.
  9664 | D:8      | Reached skill level 5 in Transmutations
  9773 | D:8      | Offered knowledge of Irradiate by Vehumet.
 10499 | D:8      | Found a radiant altar of Vehumet.
 10860 | D:9      | Reached ***** piety under Vehumet
 10861 | D:9      | Offered knowledge of Yara's Violent Unravelling by Vehumet.
 10956 | D:9      | Found a staircase to the Orcish Mines.
 10981 | D:9      | Reached skill level 5 in Conjurations
 10981 | D:9      | Reached skill level 5 in Hexes
 10981 | D:9      | Reached skill level 5 in Summonings
 10981 | D:9      | Reached skill level 5 in Necromancy
 10981 | D:9      | Reached skill level 5 in Translocations
 10981 | D:9      | Reached skill level 5 in Fire Magic
 10981 | D:9      | Reached skill level 5 in Ice Magic
 10981 | D:9      | Reached skill level 5 in Air Magic
 10981 | D:9      | Reached skill level 5 in Poison Magic
 10981 | D:9      | Reached XP level 11. HP: 61/81 MP: 9/23
 11639 | D:9      | Noticed Harold
 11648 | D:9      | Killed Harold
 12010 | D:9      | Noticed a deep elf pyromancer
 12010 | D:9      | Noticed a manticore
 12010 | D:9      | Noticed a manticore
 12010 | D:9      | Noticed a white ugly thing
 12010 | D:9      | Noticed a tengu warrior
 12010 | D:9      | Noticed a green ugly thing
 12011 | D:9      | Noticed a brown ugly thing
 12011 | D:9      | Noticed a purple ugly thing
 12025 | Lair:1   | Entered Level 1 of the Lair of Beasts
 12075 | Lair:1   | Noticed Amaemon
 12075 | Lair:1   | Noticed a four-headed hydra
 12113 | Lair:1   | Killed Amaemon
 12579 | Lair:1   | Reached XP level 12. HP: 88/91 MP: 13/24
 13004 | Lair:1   | Killed a four-headed hydra
 14855 | Lair:2   | Found a staircase to the Swamp.
 15498 | Lair:2   | Found a staircase to the Snake Pit.
 15508 | Lair:2   | Noticed a five-headed hydra
 16097 | Lair:2   | Killed a five-headed hydra
 17227 | Lair:3   | Reached XP level 13. HP: 98/98 MP: 14/26
 18171 | Lair:3   | Reached skill level 10 in Spellcasting
 19235 | Lair:4   | Reached skill level 10 in Dodging
 19397 | Lair:4   | Learned a level 5 spell: Yara's Violent Unravelling
 20528 | Lair:4   | Reached skill level 10 in Stealth
 21054 | Lair:5   | Entered Level 5 of the Lair of Beasts
 21130 | Lair:5   | Offered knowledge of Starburst by Vehumet.
 21195 | Lair:4   | Learned a level 6 spell: Starburst
 21672 | Lair:5   | Reached skill level 10 in Invocations
 21672 | Lair:5   | Reached XP level 14. HP: 93/108 MP: 18/28
 22742 | Lair:5   | Identified the +6 hand axe of Perfectionism {speed, rN+}
 23313 | Lair:5   | Found a viscous altar of Jiyva.
 23314 | Lair:5   | Found a staircase to the Slime Pits.
 24498 | D:10     | Entered Level 10 of the Dungeon
 24555 | D:10     | Noticed Erolcha
 24559 | D:10     | Killed Erolcha
 24746 | D:10     | Noticed Grum
 24753 | D:10     | Reached skill level 10 in Earth Magic
 24753 | D:10     | Killed Grum
 24782 | D:10     | Noticed Nergalle
 24788 | D:10     | Killed Nergalle
 25137 | D:10     | Noticed Sonja
 25145 | D:10     | Killed Sonja
 25680 | D:10     | Found a glowing silver altar of Zin.
 25710 | D:10     | Found a blossoming altar of Fedhas.
 25912 | D:10     | Found Guddaukh's Lightly-Used Armoury.
 26105 | D:11     | Offered knowledge of Lightning Bolt by Vehumet.
 26106 | D:11     | Reached skill level 10 in Fighting
 26106 | D:11     | Reached skill level 10 in Short Blades
 26106 | D:11     | Reached skill level 10 in Long Blades
 26106 | D:11     | Reached skill level 10 in Axes
 26106 | D:11     | Reached skill level 10 in Maces & Flails
 26106 | D:11     | Reached skill level 10 in Polearms
 26106 | D:11     | Reached skill level 10 in Staves
 26106 | D:11     | Reached skill level 10 in Ranged Weapons
 26106 | D:11     | Reached skill level 10 in Throwing
 26106 | D:11     | Reached skill level 10 in Armour
 26106 | D:11     | Reached skill level 10 in Shields
 26106 | D:11     | Reached skill level 10 in Unarmed Combat
 26106 | D:11     | Reached skill level 10 in Evocations
 27294 | D:12     | Reached XP level 15. HP: 115/115 MP: 23/30
 28466 | D:13     | Found a gate leading to a gauntlet.
 28478 | Gauntlet | Entered a Gauntlet
 28478 | Gauntlet | Found a transporter.
 28481 | Gauntlet | Found a transporter.
 28484 | Gauntlet | Found a transporter.
 28489 | Gauntlet | Found a runed translucent door.
 28491 | Gauntlet | Found a runed translucent door.
 28493 | Gauntlet | Found a transporter.
 28496 | Gauntlet | Found a transporter.
 28504 | Gauntlet | Found a transporter.
 28519 | Gauntlet | Found a transporter.
 28523 | Gauntlet | Found a runed translucent door.
 28531 | Gauntlet | Found a transporter.
 28543 | Gauntlet | Found a transporter.
 28548 | Gauntlet | Found a transporter.
 28565 | Gauntlet | Found a transporter.
 28612 | Gauntlet | Found a transporter.
 28647 | Gauntlet | Found a transporter.
 28647 | Gauntlet | Found a transporter.
 28936 | Gauntlet | Identified the ring "Anuomott" {Will+ Int+4 Stlth+}
 28961 | Gauntlet | Identified the +0 cloak "Suaz" {+Blink Fly Stlth+}
 29794 | Gauntlet | Identified 2 scrolls of acquirement
 29794 | Gauntlet | Acquired the +6 quick blade of Vuorchu {distort, rElec rF+
                  | Dex+2}
 29796 | Gauntlet | Acquired a book of Flames
 29861 | D:13     | Identified the amulet of Peonuohi {RegenMP Int+6}
 29965 | D:13     | Demolished by a skeletal warrior

Illustrated notes

Levels and vault maps discovered:
D:1:      mrwooster_arrival_statue_2, layout_basic
D:2:      layout_basic, chequers_ecumenical_altar_island, basic_altar,
          hangedman_abyss_or_decor_stabs
D:3:      layout_loops_ring, portal_sewer_entry_d, kennysheep_generic_room_12
D:4:      layout_rooms, nicolae_sif_muna_condensation,
          nicolae_gozag_cash_rules_everything_around_me,
          nicolae_ashenzari_skybound, enter_ossuary_1, kennysheep_donut,
          minmay_lizard_king, uniq_eustachio, uniq_sigmund
D:5:      layout_rooms, marbit_many_paths, overflow_temple_1_default,
          serial_bayou, serial_bayou_crossing, serial_bayou_shore_b,
          serial_bayou_pond_c, serial_bayou_lake_a, serial_bayou_pond_c
D:6:      minmay_chambers_of_sixes, layout_rooms,
          mainiacjoe_overflow_surrounded_room, makhleb_heckhound_becter,
          minivault_25
D:7:      minmay_s_stair_smasher, layout_loops_ring, old_standard_altar,
          mainiacjoe_overflow_brackets, minmay_temple_entry_hall, abandoned_shop
D:8:      layout_basic, nicolae_dithmenos_shadow_blocks, kennysheep_little_box,
          erik_lair_island, hangedman_decor_push
D:9:      layout_rooms, minivault_28, uniq_harold
D:10:     layout_stronghold, mainiacjoe_overflow_two_lobes, minmay_shop_damaged,
          uniq_erolcha, uniq_grum, uniq_nergalle, uniq_sonja
D:11:     lemuel_slime, layout_rooms
D:12:     layout_basic, serial_glass, glass_columns_a, glass_columns_a,
          glass_columns_c, glass_columns_a
D:13:     layout_roguey, gauntlet_entry_generic
Lair:1:   layout_cave_pods, chequers_serial_rivers_micro_c,
          dreamdust_deal_with_the_devil, beast_lair_carwin_11,
          serial_bayou_shore_b, infiniplex_staircase_pool, grunt_megastairs_2,
          serial_bayou_shore_a, uniq_amaemon
Lair:2:   layout_small_grid, nicolae_swamp_entry_splash_gauntlet,
          minmay_snake_entry_guardpost_medium, infiniplex_staircase_pool_2
Lair:3:   layout_layer_cave, grunt_megastairs_1
Lair:4:   layout_gridlike, grunt_forest_stairs_basic, kennysheep_abandoned_house
Lair:5:   gammafunk_lair_ancient_temple, layout_misc_corridors,
          dpeg_slime_entry_enclosed, minivault_26, roderic_batcave,
          nicolae_lair_grove_arrangements, columned_hall_lemuel

Skill      XL: |  1  2  3  4  5  6  7  8  9 10 11 12 13 14 15 |
---------------+----------------------------------------------+-----
Transmutations | 2 3 4 5 6 7 8 |  8.9
Spellcasting   | 5 6 7 8 9 10 11 | 11.4
Invocations    | 1 2 3 4 5 6 7 8 10 11 | 11.1
Fighting       | 1 2 3 5 6 7 8 9 10 | 10.2
Short Blades   | 1 2 3 5 6 7 8 9 10 | 10.2
Long Blades    | 1 2 3 5 6 7 8 9 10 | 10.2
Axes           | 1 2 3 5 6 7 8 9 10 | 10.2
Maces & Flails | 1 2 3 5 6 7 8 9 10 | 10.2
Polearms       | 1 2 3 5 6 7 8 9 10 | 10.2
Staves         | 1 2 3 5 6 7 8 9 10 | 10.2
Ranged Weapons | 1 2 3 5 6 7 8 9 10 | 10.2
Throwing       | 1 2 3 5 6 7 8 9 10 | 10.2
Armour         | 1 2 3 5 6 7 8 9 10 | 10.2
Shields        | 1 2 3 5 6 7 8 9 10 | 10.2
Unarmed Combat | 1 2 3 5 6 7 8 9 10 | 10.2
Evocations     | 1 2 3 5 6 7 8 9 10 | 10.2
Conjurations   | 1 2 3 4 5 6 7 8 |  8.6
Hexes          | 1 2 3 4 5 6 7 8 |  8.6
Summonings     | 1 2 3 4 5 6 7 8 |  8.6
Necromancy     | 1 2 3 4 5 6 7 8 |  8.6
Translocations | 1 2 3 4 5 6 7 8 |  8.6
Fire Magic     | 1 2 3 4 5 6 7 8 |  8.6
Ice Magic      | 1 2 3 4 5 6 7 8 |  8.6
Air Magic      | 1 2 3 4 5 6 7 8 |  8.6
Poison Magic   | 1 2 3 4 5 6 7 8 |  8.6
Dodging        | 5 6 7 8 9 10 11 | 11.2
Stealth        | 5 6 7 8 9 10 11 | 11.1
Earth Magic    | 6 7 8 9 10 | 10.2

Action                   |  1- 3 |  4- 6 |  7- 9 | 10-12 | 13-15 || total
-------------------------+-------+-------+-------+-------+-------++-------
Melee: Rapier            |       |       |    71 |    24 |       ||    95
       Punch             |       |       |     4 |     2 |    12 ||    18
       Bite              |       |       |     7 |    13 |    22 ||    42
       Demon whip        |       |       |       |    71 |   148 ||   219
       Quick blade       |       |       |       |       |     1 ||     1
 Cast: Sandblast         |    48 |    73 |     7 |     1 |       ||   129
       Stone Arrow       |       |    26 |    92 |   165 |   213 ||   496
       Slow              |       |     8 |     2 |       |       ||    10
       Olgreb's Toxic Ra |       |       |    13 |    50 |    99 ||   162
       Ignite Poison     |       |       |    12 |    36 |    93 ||   141
       Passwall          |       |       |     1 |       |       ||     1
       Starburst         |       |       |       |       |    15 ||    15
 Abil: Evoke Blink       |       |       |       |       |     1 ||     1
  Use: Scroll            |       |       |     7 |     9 |    18 ||    34
       Potion            |       |       |     2 |     3 |     1 ||     6
 Stab: Sleeping          |       |       |       |       |     2 ||     2
Armor: Robe              |     1 |     2 |    38 |     9 |       ||    50
       Troll leather arm |       |       |       |    81 |    82 ||   163
Dodge: Dodged            |     1 |    15 |    66 |   162 |   194 ||   438
